 Dungeon Crawl Stone Soup version 0.23-a0-358-g98c7a59 (webtiles) character file.

473 galech the Covered (level 6, -5/48 HPs)
             Began as a Demonspawn Fighter on Oct 22, 2018.
             Slain by an ogre
             ... wielding a +0 giant club
              (9 damage)
             ... on level 4 of the Dungeon.
             The game lasted 00:04:24 (4203 turns).

galech the Covered (Demonspawn Fighter)             Turns: 4203, Time: 00:04:25

Health: -5/48      AC:  7    Str: 16    XL:     6   Next: 83%
Magic:  6/6        EV:  7    Int: 10    God:
Gold:   122        SH:  9    Dex: 14    Spells: 5/5 levels left

rFire    . . .     SeeInvis .   a - +0 war axe
rCold    + . .     Gourm    .   c - +0 shield
rNeg     . . .     Faith    .   b - +0 scale mail
rPois    +         Spirit   .   (helmet restricted)
rElec    .         Reflect  .   (no cloak)
rCorr    .         Harm     .   (no gloves)
MR       .....                  (no boots)
Stlth    ..........             (no amulet)
HPRegen  0.16/turn              e - ring of poison resistance
MPRegen  0.10/turn              (no ring)

@: about to teleport
A: antennae 1, cold resistance 1, powered by death 2
a: no special abilities


You were on level 4 of the Dungeon.
You were not hungry.

You visited 1 branch of the dungeon, and saw 4 of its levels.

You collected 122 gold pieces.

Inventory:

Hand Weapons
 a - a +0 war axe (weapon)
Armour
 b - a +0 scale mail (worn)
 c - a +0 shield (worn)
Jewellery
 e - a ring of poison resistance (left hand)
Scrolls
 g - 2 scrolls of identify {unknown}
 h - a scroll of remove curse
 j - 3 scrolls of teleportation
 k - a scroll of random uselessness {unknown}
 l - a scroll of enchant weapon {unknown}
 r - 2 scrolls of fear {unknown}
 s - 2 scrolls of immolation {unknown}
Potions
 d - 2 potions of might
 i - a potion of curing {unknown}
 m - a potion of heal wounds {unknown}
 n - a potion of cancellation {unknown}
 p - 2 potions of agility {unknown}
 q - a potion of degeneration {unknown}
 t - a potion of haste {unknown}
Comestibles
 f - 6 rations
 o - 2 chunks of flesh


   Skills:
 + Level 3.8 Fighting
 + Level 4.1 Axes
 + Level 4.2 Armour
 + Level 1.4 Dodging
 + Level 3.9 Shields


You had 5 spell levels left.
You didn't know any spells.
Your spell library was empty.

Dungeon Overview and Level Annotations

Branches:
Dungeon (4/15)
 Temple: D:4-7

Altars:
Trog


Innate Abilities, Weirdness & Mutations

You have a pair of small antennae on your head.
Your flesh is cold resistant. (rC+)
You regenerate health from kills.


Message History

The ogre is lightly wounded.
The ogre hits you with a +0 giant club!!
You slash the ogre!
The ogre is heavily wounded.
The ogre hits you with a +0 giant club!!
* * * LOW HITPOINT WARNING * * *
You block the adder's attack.
You are too injured to fight recklessly!
You are too injured to fight recklessly!
You are too injured to fight recklessly!
You are too injured to fight recklessly!
You are too injured to fight recklessly!
You are too injured to fight recklessly!
You are too injured to fight recklessly!
You are too injured to fight recklessly!
As you read the scroll of teleportation, it crumbles to dust.
You feel strangely unstable. The adder closely misses you. The adder bites you.
* * * LOW HITPOINT WARNING * * *
The ogre hits you with a +0 giant club!
You die...

#.............#
#.............#
#.............#
#........###+##
#........#...#
#....#'###...#
#....#.......#
#....#.......#
#....+.@##...#
#... #OS##...#
#.. #..#....#
#..#....#
#..#....# #..#
...# #..# #..#
....


You could see an ogre and an adder.

Vanquished Creatures
  2 scorpions (D:4)
  An orc priest (D:4)
  A bullfrog skeleton (D:4)
  An orc wizard (D:4)
  An iguana (D:4)
  2 worker ants
  4 gnolls
  7 adders
  3 oozes
  3 worms
  2 dart slugs
  A leopard gecko (D:2)
  12 orcs
  3 giant cockroaches
  9 goblins
  12 hobgoblins
  5 jackals
  2 kobolds (D:2)
  2 quokkas (D:4)
  2 ball pythons (D:3)
  6 bats
  3 frilled lizards
  2 rats
86 creatures vanquished.

Notes
Turn   | Place    | Note
-------+----------+-------------------------------------------
     0 | D:1      | galech the Demonspawn Fighter began the quest for the Orb.
     0 | D:1      | Reached XP level 1. HP: 18/18 MP: 1/1
    66 | D:1      | Gained mutation: Your flesh is cold resistant. (rC+)
                  | [demonic ancestry]
    66 | D:1      | Reached XP level 2. HP: 15/24 MP: 2/2
   626 | D:1      | Reached XP level 3. HP: 28/29 MP: 3/3
   995 | D:2      | Gained mutation: You regenerate a little health from kills.
                  | [demonic ancestry]
   995 | D:2      | Reached XP level 4. HP: 28/35 MP: 4/4
  1125 | D:2      | Found a faded altar of an unknown god.
  1975 | D:3      | Gained mutation: You regenerate health from kills. [demonic
                  | ancestry]
  1975 | D:3      | Reached XP level 5. HP: 42/42 MP: 5/5
  2907 | D:4      | Gained mutation: You have a pair of small antennae on your
                  | head. [demonic ancestry]
  2907 | D:4      | Reached XP level 6. HP: 31/48 MP: 6/6
  3634 | D:4      | Reached skill level 1 in Dodging
  3971 | D:4      | Found a bloodstained altar of Trog.
  4203 | D:4      | Slain by an ogre

Vault maps used:
D:1:      dpeg_arrival_tiny_a
D:2:      chequers_ecumenical_altar_island
D:3:      minivault_14, serial_bayou_crossing
D:4:      nicolae_overflow_crystal_walls, first_ration

Skill      XL: |  1  2  3  4  5  6 |
---------------+-------------------+-----
Shields        | 3 |  3.9
Axes           | 2 3 4 |  4.1
Armour         | 3 4 |  4.2
Dodging        | 1 |  1.4
Fighting       | |  3.8

Action                   |  1- 3 |  4- 6 || total
-------------------------+-------+-------++-------
Melee: War axe           |   138 |   206 ||   344
  Use: Scroll            |       |     4 ||     4
  Eat: Chunk             |     1 |    10 ||    11
Armor: Scale mail        |    72 |    64 ||   136
Dodge: Dodged            |    57 |    54 ||   111
Block: Shield            |    90 |   110 ||   200

Table legend:
 A = Non-vault XP
 B = Vault XP
 C = Vault XP percentage of total XP
 D = Non-vault monster count
 E = Vault monster count
 F = Vault count percentage of total count
                 A         B        C        D         E       F
            +---------+---------+-------+---------+---------+-------
      Total |     676 |       0 |   0.0 |      86 |       0 |   0.0
            +---------+---------+-------+---------+---------+-------
        D:1 |      51 |       0 |   0.0 |      22 |       0 |   0.0
        D:2 |      87 |       0 |   0.0 |      23 |       0 |   0.0
        D:3 |     112 |       0 |   0.0 |      17 |       0 |   0.0
        D:4 |     426 |       0 |   0.0 |      24 |       0 |   0.0
            +---------+---------+-------+---------+---------+-------
